 Dungeon Crawl Stone Soup version 0.17.1-3-g152610e (webtiles) character file.

269 manyhoops the Conjurer (level 6, -6/32 HPs)
             Began as a Deep Elf Conjurer on Apr 9, 2016.
             Mangled by a worker ant (8 damage)
             ... on level 4 of the Dungeon.
             The game lasted 00:13:27 (3161 turns).

manyhoops the Conjurer (Deep Elf Conjurer)          Turns: 3161, Time: 00:13:28

Health: -6/32      AC:  2    Str:  5    XL:     6   Next: 1%
Magic:  2/14       EV: 13    Int: 22    God:
Gold:   212        SH:  0    Dex: 15    Spells: 4 memorised, 4 levels left

rFire  . . .     SeeInvis .     k - +2 dagger (venom)
rCold  . . .     Clarity  .     a - +0 robe
rNeg   . . .     SustAt   .     (no shield)
rPois  .         Gourm    .     (no helmet)
rElec  .         Spirit   .     (no cloak)
rCorr  .         Warding  .     (no gloves)
rMut   .         Rnd*Tele +     (no boots)
MR     .....                    (no amulet)
Stlth  ++........               (no ring)
                                u - ring of teleportation (curse)

@: hasted, very quick, not resistant to hostile enchantments, unstealthy
A: no striking features
a: Evoke Teleportation


You were on level 4 of the Dungeon.
You were very hungry.

You visited 1 branch of the dungeon, and saw 4 of its levels.

You collected 212 gold pieces.

Inventory:

Hand Weapons
 k - a +2 dagger of venom (weapon)
Armour
 a - a +0 robe (worn)
Jewellery
 u - a cursed ring of teleportation (left hand)
Wands
 p - a wand of confusion (25)
Scrolls
 e - a scroll of immolation
 n - a scroll of teleportation
 r - 5 scrolls of identify
Potions
 g - 3 potions of resistance
 q - a potion of berserk rage
Books
 b - a book of Conjurations

   Spells                             Type                      Level
   a - Magic Dart                     Conjuration                  1
   b - Searing Ray                    Conjuration                  2
   c - Dazzling Spray                 Conjuration/Hexes            3
   d - Fulminant Prism                Conjuration/Hexes            4
   e - Iskenderun's Mystic Blast      Conjuration                  4
   f - Iskenderun's Battlesphere      Conjuration/Charms           5
Comestibles
 c - 4 bread rations
 f - 2 beef jerkies
 h - 4 fruits


   Skills:
 - Level 2.5 Dodging
 * Level 3.2 Stealth
 + Level 4.6 Spellcasting
 + Level 6.1 Conjurations
 - Level 4.0 Hexes


You had 4 spell levels left.
You knew the following spells:

 Your Spells              Type           Power        Failure   Level  Hunger
a - Magic Dart            Conj           ####         1%          1    None
b - Dazzling Spray        Conj/Hex       ####....     4%          3    ##.....
c - Searing Ray           Conj           ####..       1%          2    None
d - Iskenderun's Mystic   Conj           ####....     12%         4    ####...


Dungeon Overview and Level Annotations

Branches:
Dungeon (4/15)
 Temple: D:4-7

Altars:
Cheibriados
Zin


Message History

Confirm with . or Enter, or press ? or * to list all spells.
Aiming: Magic Dart
Press: ? - help, Shift-Dir - straight line, f/p - worker ant
Aim: a worker ant (almost dead)
The magic dart hits the worker ant.
The worker ant is almost dead.
There is a stone staircase leading down here.
The worker ant twitches its antennae in your direction.
The worker ant bites you.
* * * LOW HITPOINT WARNING * * *
The worker ant bites you.
* * * LOW HITPOINT WARNING * * *
Casting: Magic Dart
Confirm with . or Enter, or press ? or * to list all spells.
You don't have enough magic to cast that spell.
You're too hungry to go berserk.
You don't have enough magic at the moment.
You feel yourself speed up. The worker ant barely misses you.
The worker ant bites you!
You die...

#+#### #.#..[.# #......# .....#
#.#....# +......#
.....######.#....# #..)...#####
.....##...#.#....######'###.#....
.....##...#.#...........# #.#.###
....# #...#!#.#############.#.#
....###...#.#.................###
....##....?....a.................
......>........a@................
#######...#.#####################
........... ##.....#.###
#.....#... #.....##### #......
#.....##


You could see 2 worker ants.

Vanquished Creatures
  A scorpion (D:4)
  An orc wizard (D:3)
  Ijyb (D:2)
  A worker ant (D:4)
  3 gnolls (D:4)
  3 adders
  An ooze (D:2)
  An adder skeleton (D:3)
  A worm (D:2)
  A giant gecko (D:1)
  7 orcs
  5 bats
  A giant cockroach (D:4)
  9 hobgoblins
  9 jackals
  5 kobolds
  2 giant newts
  6 goblins
  6 rats
64 creatures vanquished.

Notes
Turn   | Place    | Note
--------------------------------------------------------------
     0 | D:1      | manyhoops the Deep Elf Conjurer began the quest for the Orb.
     0 | D:1      | Reached XP level 1. HP: 10/10 MP: 6/6
   133 | D:1      | Found a snail-covered altar of Cheibriados.
   154 | D:1      | Reached XP level 2. HP: 15/15 MP: 2/8
   255 | D:1      | Reached skill level 5 in Conjurations
   468 | D:2      | Reached XP level 3. HP: 19/19 MP: 3/9
   473 | D:2      | Learned a level 3 spell: Dazzling Spray
   478 | D:2      | Learned a level 2 spell: Searing Ray
   705 | D:2      | Noticed Ijyb
   727 | D:2      | Killed Ijyb
   727 | D:2      | Reached XP level 4. HP: 24/24 MP: 0/11
  1785 | D:3      | Reached XP level 5. HP: 17/28 MP: 2/12
  2246 | D:4      | Learned a level 4 spell: Iskenderun's Mystic Blast
  2583 | D:4      | Found a glowing silver altar of Zin.
  2803 | D:4      | HP: 1/28 [poisoned by a worker ant]
  3112 | D:4      | Reached skill level 6 in Conjurations
  3112 | D:4      | Reached XP level 6. HP: 13/32 MP: 6/14
  3161 | D:4      | Mangled by a worker ant

Action                   |  1- 3 |  4- 6 || total
-------------------------+-------+-------++-------
Melee: Unarmed           |     6 |       ||     6
       Dagger            |     9 |    30 ||    39
 Cast: Magic Dart        |    48 |    74 ||   122
       Dazzling Spray    |     3 |     1 ||     4
       Searing Ray       |     1 |     7 ||     8
       Iskenderun's Myst |       |     7 ||     7
  Use: Scroll            |     3 |     5 ||     8
       Potion            |       |     6 ||     6
  Eat: Chunk             |       |     2 ||     2
       Meat ration       |       |     1 ||     1
       Beef jerky        |       |     1 ||     1
